 Dungeon Crawl Stone Soup version 0.29.0-15-g675c0067aa (webtiles) character file.

Game seed: 538096474015934111

8 qw the Sneak (level 2, 0/19 HPs)
             Began as a Gargoyle Delver on Sept 11, 2022.
             Slain by an adder (2 damage)
             ... in a sewer.
             The game lasted 00:00:09 (598 turns).

qw the Sneak (Gargoyle Delver)                       Turns: 598, Time: 00:00:10

Health: 0/19       AC:  5    Str: 15    XL:     2   Next: 8%
Magic:  2/2        EV: 11    Int: 10    God:
Gold:   10         SH:  0    Dex: 11    Spells: 1/1 levels left

rFire   . . .      SeeInvis .   Y - +0 hand axe
rCold   . . .      Faith    .   (no shield)
rNeg    + . .      Spirit   .   b - +0 leather armour
rPois   inf        Reflect  .   (no helmet)
rElec   +          Harm     .   (no cloak)
rCorr   .          Rampage  .   (no gloves)
Will    +....                   (no boots)
Stlth   +++.......              (no amulet)
HPRegen 0.06/turn               i - ring of willpower
MPRegen 0.08/turn               (no ring)

@: no status effects
A: sickness immunity, AC +2, negative energy resistance 1, electricity
resistance, torment resistance 1, petrification resistance
a: no special abilities


You were in a sewer.
You visited 1 branch of the dungeon, and saw 2 of its levels.
You also visited: Sewer.

You collected 10 gold pieces.


Innate Abilities, Weirdness & Mutations

You are immune to sickness and miasma.
Your stone body is resilient. (AC +2)
You are immune to poison.
You resist negative energy. (rN+)
You are resistant to electric shocks. (rElec)
You are resistant to unholy torment.
You are immune to petrification.


   Skills:
 - Level 3.2 Fighting
 + Level 2.5 Axes
 - Level 1.5 Dodging
 - Level 5.4 Stealth


You had one spell level left.
You didn't know any spells.
Your spell library was empty.

Inventory:

Hand Weapons
 Y - a +0 hand axe (weapon)
Armour
 b - a +0 leather armour (worn)
Jewellery
 i - a ring of willpower (left hand)
Wands
 g - a wand of digging (3)
Scrolls
 a - a scroll of identify
Potions
 c - a potion of curing {unknown}
 f - a potion of haste

Dungeon Overview and Level Annotations

Branches:
Dungeon (5/15)              Sewer (1/1)
 Temple: D:4-7

Altars:


Message History

A frilled lizard comes into view.
The river rat bites you.
A rat comes into view.
592 ||| Stepping ~*~*~tactically~*~*~ (stealth).
The river rat twitches its whiskers.
The frilled lizard hisses angrily.
You hit the river rat.
The river rat is moderately wounded.
The river rat bites you.
A rat comes into view.
You closely miss the river rat.
The river rat is moderately wounded.
You miss the adder. The adder bites you but does no damage.
A rat comes into view.
The adder bites you but does no damage.
You hit the river rat.
The river rat is severely wounded.
You barely miss the adder. The adder misses you.
The river rat bites you but does no damage.
You hit the river rat but do no damage.
The river rat is severely wounded.
You barely miss the adder. You hit the rat but do no damage.
The adder bites you but does no damage. The rat bites you.
The river rat bites you. The adder misses you.
You hit the river rat but do no damage.
The river rat is severely wounded.
You hit the rat.
You kill the rat!
You closely miss the adder.
The river rat bites you but does no damage.
The adder bites you.
You hit the river rat but do no damage.
The river rat is severely wounded.
You barely miss the adder. You hit the rat.
You kill the rat!
The adder barely misses you. The river rat barely misses you.
The adder bites you.
You die...

####
#...####
......####
........##
#.......#
#.r....##
#lS....#
#@r~~.##
#~~%~~~#
#~~~~~~#
#~~~~~~#
#~~~~~~#
#~~~~~~#
#~.~~~~#
#~~~~~~#
#~~~~.~#


You could see an adder, a river rat, a frilled lizard and a rat.

Vanquished Creatures
  A worm (D:4)
  An endoplasm (D:4)
  A ball python (Sewer)
  5 rats (Sewer)
8 creatures vanquished.

Notes
Turn   | Place    | Note
-------+----------+-------------------------------------------
     0 | D:5      | qw the Gargoyle Delver began the quest for the Orb.
     0 | D:5      | Reached XP level 1. HP: 14/14 MP: 1/1
     0 | D:5      | 0 ||| qw: Version: 0.1-a-117-gfe26ee0
     0 | D:5      | 0 ||| qw: Game counter: 9998
     0 | D:5      | 0 ||| qw: Always use a shield: true
     0 | D:5      | 0 ||| qw: God list: Okawaru
     0 | D:5      | 0 ||| qw: Allow faded altars: false
     0 | D:5      | 0 ||| qw: Do Orc after D:15 true
     0 | D:5      | 0 ||| qw: Do second Lair branch before Depths: true
     0 | D:5      | 0 ||| qw: Lair rune preference: random
     0 | D:5      | 0 ||| qw: Plans: Normal
     0 | D:5      | 0 ||| PLANNING D:1-11
   127 | D:5      | 127 ||| UPGRADING to ring of willpower.
   128 | D:5      | 128 ||| READING 2 scrolls labelled RUENENOITT.
   129 | D:5      | 129 ||| DROPPING scroll of fog.
   130 | D:5      | 130 ||| DROPPING scroll of magic mapping.
   131 | D:5      | 131 ||| DROPPING scroll of fear.
   141 | D:4      | 141 ||| PLANNING SEWER
   288 | D:4      | Found a glowing drain.
   302 | D:4      | 302 ||| Stepping ~*~*~tactically~*~*~ (water).
   319 | Sewer    | Entered a sewer
   348 | Sewer    | HP: 3/14 [ball python (1)]
   349 | Sewer    | Reached XP level 2. HP: 4/19 MP: 2/2
   592 | Sewer    | 592 ||| Stepping ~*~*~tactically~*~*~ (stealth).
   596 | Sewer    | HP: 3/19 [river rat (6)]
   598 | Sewer    | Slain by an adder

Levels and vault maps discovered:
D:4:      minmay_angry_zag, layout_basic, mainiacjoe_overflow_small_starburst,
          cheibrodos_sewer_entry_bend, uniq_eustachio
D:5:      layout_basic, minmay_guarded_unrand_staff_of_olgreb,
          uniq_blork_the_orc
Sewer:    sewer_minmay_w

Skill      XL: |  1 |
---------------+----+-----
Axes           | 2 |  2.5
Fighting       | |  3.2
Dodging        | |  1.5
Stealth        | |  5.4

Action                   || total
-------------------------++-------
Melee: Hand axe          ||    36
       Punch             ||     2
  Use: Scroll            ||     1
Armor: Leather armour    ||    16
Dodge: Dodged            ||    21

Table legend:
 A = Non-vault XP
 B = Vault XP
 C = Vault XP percentage of total XP
 D = Non-vault monster count
 E = Vault monster count
 F = Vault count percentage of total count
                 A         B        C        D         E       F
            +---------+---------+-------+---------+---------+-------
      Total |       2 |      11 |  84.6 |       1 |       7 |  87.5
            +---------+---------+-------+---------+---------+-------
        D:4 |       2 |       5 |  71.4 |       1 |       1 |  50.0
      Sewer |       0 |       6 | 100.0 |       0 |       6 | 100.0
            +---------+---------+-------+---------+---------+-------
